 Dungeon Crawl Stone Soup version 0.27.1-1-g398f81649c (webtiles) character file.

Game seed: 11937215317974652727

14 DrBigBum the Magician (level 2, -3/16 HPs)
             Began as a Deep Elf Air Elementalist on Sept 6, 2021.
             Slain by Natasha (6 damage)
             ... on level 1 of the Dungeon.
             The game lasted 00:04:17 (1024 turns).

DrBigBum the Magician (Deep Elf Air Elementalist)   Turns: 1024, Time: 00:04:18

Health: -3/16      AC:  2    Str:  5    XL:     2   Next: 31%
Magic:  6/8        EV: 12    Int: 19    God:
Gold:   42         SH:  0    Dex: 15    Spells: 4/7 levels left

rFire    . . .     SeeInvis .   c - +0 short sword
rCold    . . .     Faith    .   (no shield)
rNeg     . . .     Spirit   .   a - +0 robe
rPois    .         Reflect  .   (no helmet)
rElec    .         Harm     .   (no cloak)
rCorr    .         Rampage  .   (no gloves)
Will     .....                  (no boots)
Stlth    ++........             (no amulet)
HPRegen  0.05/turn              (no ring)
MPRegen  0.11/turn              (no ring)

@: slowed, very slow
A: no striking features
a: no special abilities


You were on level 1 of the Dungeon.
You visited 1 branch of the dungeon, and saw 2 of its levels.

You collected 42 gold pieces.

Inventory:

Hand Weapons
 c - a +0 short sword (weapon)
Armour
 a - a +0 robe (worn)
Potions
 b - a potion of curing {unknown}


   Skills:
 + Level 0.4 Fighting
 + Level 2.5 Dodging
 + Level 2.5 Stealth
 * Level 3.3 Spellcasting
 * Level 1.3 Conjurations
 * Level 0.1 Translocations
 * Level 3.1 Air Magic


You had 4 spell levels left.
You knew the following spells:

 Your Spells              Type           Power      Damage    Failure   Level
a - Shock                 Conj/Air       44%        1d5       6%          1
b - Static Discharge      Conj/Air       11%        N/A       9%          2

Your spell library contained the following spells:

 Spells                   Type           Power      Damage    Failure   Level
 Swiftness                Air            15%        N/A       12%         3
 Blink                    Tloc           N/A        N/A       22%         2
 Airstrike                Air            7%         N/A       36%         4
 Lesser Beckoning         Tloc           1%         N/A       38%         3
 Manifold Assault         Tloc           3%         N/A       98%         5


Dungeon Overview and Level Annotations

Branches:
Dungeon (2/15)

Altars:

Annotations:
D:1 Natasha


Message History

The zap hits Natasha.
Natasha is heavily wounded.
The zap misses Natasha.
The zap hits you. Natasha closely misses you.
You hit Natasha but do no damage.
Natasha is heavily wounded.
Natasha claws you.
You hit Natasha.
Natasha is severely wounded.
Natasha barely misses you.
You barely miss Natasha.
Natasha is severely wounded.
Natasha stares at you and mumbles some strange words.
You feel yourself slow down.
You closely miss Natasha.
Natasha is severely wounded.
Natasha claws you!
* * * LOW HITPOINT WARNING * * *
Natasha misses you.
You completely miss Natasha.
Natasha is severely wounded.
Natasha closely misses you. Natasha barely misses you.
Casting: Shock (safe; 6% risk of failure)
Confirm with . or Enter, or press ? or * to list all spells.
Aiming: Shock (safe; 6% risk of failure)
Press: ? - help, Shift-Dir - straight line, f/p - Natasha
Aim: Natasha (severely wounded, 60% to hit)
That beam is likely to hit you.
Continue anyway? [Y]es or [N]o only, please.
That beam is likely to hit you.
Continue anyway? [Y]es or [N]o only, please.
That beam is likely to hit you.
Continue anyway?
Okay, then.
Unknown command.
You hit Natasha.
Natasha is almost dead.
Natasha closely misses you.
You hit Natasha but do no damage.
Natasha is almost dead.
Natasha closely misses you. Natasha claws you.
You die...

...........###...##.# #
.#########.###...##.# ### .#
#..........# #.. .#####
#..##...##.# #.# .....#
#..##...##.# #.# .###.#
#.......##.# #.# .# #.#
#..##.#.##.# #######.# .# #.#
#..##.#.##.# #.......# .###.##
#..##.h@##.# #.#######
.##...####^.##......# #.# #.
............##...#..### #.# #.
###...#####.##........###.######.
##.## #......................
##.## #.##...................
#...#####.##...##.#>..#.#######
#.#....)..#...#.#.#...#.#######
#...#######....................


You could see Natasha.

Vanquished Creatures
  2 ball pythons (D:1)
  2 hobgoblins (D:1)
  4 kobolds (D:1)
  A quokka (D:1)
  A bat (D:1)
  3 frilled lizards (D:1)
  2 rats (D:1)
15 creatures vanquished.

Notes
Turn   | Place    | Note
-------+----------+-------------------------------------------
     0 | D:1      | DrBigBum the Deep Elf Air Elementalist began the quest for
                  | the Orb.
     0 | D:1      | Reached XP level 1. HP: 10/10 MP: 6/6
   510 | D:1      | Reached XP level 2. HP: 6/15 MP: 0/8
   518 | D:1      | Learned a level 2 spell: Static Discharge
  1010 | D:2      | Noticed Natasha
  1024 | D:1      | Slain by Natasha

Illustrated notes

Levels and vault maps discovered:
D:1:      amcnicky_arrival_choice, layout_loops_ring
D:2:      layout_rooms, shapermc_ecumenical_altar_mp_vishouse, uniq_natasha,
          uniq_jessica

Action                   || total
-------------------------++-------
Melee: Unarmed           ||    13
       Short sword       ||     7
 Cast: Shock             ||    29
       Static Discharge  ||     1
  Use: Scroll            ||     1
Armor: Robe              ||    10
Dodge: Dodged            ||    27
